 Dungeon Crawl Stone Soup version 0.31-a0-983-g7b6862f502 (webtiles) character file.

Game seed: 7875114497329405661

409 gelatine the Ruffian (level 6, -6/57 HPs)
             Began as a Troll Shapeshifter on Nov 2, 2023.
             Mangled by an ogre
             ... wielding a +0 giant spiked club
              (20 damage)
             ... on level 5 of the Dungeon.
             The game lasted 00:09:07 (2938 turns).

gelatine the Ruffian (Troll Shapeshifter)           Turns: 2938, Time: 00:09:08

Health: -6/57      AC:  4    Str: 25    XL:     6   Next: 58%
Magic:  5/5        EV: 10    Int:  6    God:
Gold:   65         SH:  0    Dex: 15    Spells: 5/5 levels left

rFire   . .          .
                       - Unarmed
rCold   . . .        (no shield)
rNeg    . . .        a - +0 animal skin
rPois   .            (helmet currently unavailable)
rElec   .            (cloak currently unavailable)
rCorr   .            (gloves unavailable)
SInv    .            (boots unavailable)
Will    .....        r - amulet of the acrobat
Stlth   ++           p - +6 ring of dexterity
HPRegen 1.09/turn    (no ring)
MPRegen 0.09/turn

%: acrobat
@: beast-form
A: beast (slay +2), large, unfitting armour, claws 3, regeneration 1, shaggy fur
1, tough skin 1
a: Begin Untransformation


You were on level 5 of the Dungeon.
You were a hulking beast.
You visited 1 branch of the dungeon, and saw 5 of its levels.

You collected 241 gold pieces.
You spent 176 gold pieces at shops.

Inventory:

Hand Weapons
 m - a +0 eveningstar
Missiles
 j - 11 boomerangs
Armour
 a - a +0 animal skin (worn)
Jewellery
 p - a +6 ring of dexterity (left claw)
 r - an amulet of the acrobat (around neck)
Talismans
 c - a beast talisman
 d - a flux talisman
Scrolls
 e - 2 scrolls of revelation {unknown}
 g - a scroll of vulnerability
 i - 3 scrolls of teleportation {unknown}
 l - a scroll of immolation {unknown}
 o - 3 scrolls of acquirement {unknown}
 t - a scroll of fear {unknown}
 v - a scroll of poison {unknown}
 w - a scroll of enchant armour {unknown}
 x - a scroll of amnesia {unknown}
 y - 2 scrolls of fog {unknown}
 A - a scroll of torment {unknown}
 C - a scroll of blinking {unknown}
 D - a scroll of summoning {unknown}
Potions
 b - 2 potions of lignification
 f - a potion of ambrosia
 h - 2 potions of might
 n - 2 potions of curing
 q - a potion of resistance
 s - a potion of haste
 u - a potion of mutation
 z - 2 potions of invisibility {unknown}
 B - 2 potions of magic {unknown}
 E - a potion of degeneration {unknown}
 F - 2 potions of cancellation {unknown}


   Skills:
 * Level 1.9 Fighting
 + Level 0.7 Throwing
 + Level 2.0 Dodging
 + Level 0.5 Stealth
 * Level 5.9 Unarmed Combat
 * Level 4.0 Shapeshifting


You had 5 spell levels left.
You didn't know any spells.
Your spell library contained the following spells:

 Spells                   Type           Power      Damage    Failure   Level
 Apportation              Tloc           0%         N/A       45%         1
 Freeze                   Ice            0%         1d3       45%         1
 Slow                     Hex            0%         N/A       45%         1
 Jinxbite                 Hex            0%         N/A       58%         2
 Lesser Beckoning         Tloc           0%         N/A       58%         2
 Confusing Touch          Hex            0%         N/A       83%         3
 Frozen Ramparts          Ice            0%         1d1       83%         3
 Gell's Gravitas          Tloc           0%         N/A       83%         3
 Hailstorm                Conj/Ice       0%         3d3       83%         3
 Sigil of Binding         Hex            0%         N/A       83%         3
 Teleport Other           Tloc           0%         N/A       83%         3
 Vampiric Draining        Necr           0%         2d6       83%         3
 Animate Dead             Necr           0%         N/A       99%         4
 Alistair's Intoxication  Tmut/Pois      0%         N/A       100%        5
 Borgnjor's Vile Clutch   Necr/Erth      0%         N/A       100%        5
 Death Channel            Necr           0%         N/A       100%        6


Dungeon Overview and Level Annotations

Branches:
Dungeon (5/15)
 Temple: D:4-7

Altars:
Cheibriados

Shops:
D:1 *   D:4 =:(=*


Innate Abilities, Weirdness & Mutations

You are a hulking beast.
Your limbs bulge with bestial killing power. (Slay +2)
You are too large for most types of armour.
You have claws for hands.
Your natural rate of healing is unusually fast.
You are covered in fur. (AC +1)
You have tough skin. (AC +1)


Message History

The orc priest calls upon Beogh to heal the orc.
The orc is healed somewhat.
A white imp comes into view.
The orc misses you. The orc priest completely misses you.
You claw the orc priest!
You kill the orc priest!
Your Dodging skill increases to level 2!
You barely miss the orc wizard.
The orc wizard hits you with a +0 dagger.
The orc closely misses you.
You claw the orc wizard!
The orc wizard is almost dead.
The orc wizard closely misses you.
An orc comes into view. It is wielding a +0 club.
The orc shouts!
You claw the orc wizard!
You kill the orc wizard!
The orc hits you with a +0 hand axe! The ogre closely misses you.
Your Shapeshifting skill increases to level 4!
You completely miss the ogre. Your claw misses the ogre. The phantom hits you.
The white imp gestures at you. The puff of frost hits you!
The orc hits you with a +0 hand axe.
Unknown command.
You scratch the ogre.
The ogre is lightly wounded.
The ogre barely misses you. The phantom completely misses you.
The white imp gestures at you. The puff of frost hits you.
You barely miss the ogre.
The ogre is lightly wounded.
The orc hits you with a +0 hand axe. The phantom hits you.
The phantom blinks!
You blink. 2 gnolls come into view.
Found 13 gold pieces.
The white imp gestures at you. The puff of frost hits you!
* * * LOW HITPOINT WARNING * * *
You barely miss the phantom. The phantom misses you.
The ogre hits you with a +0 giant spiked club!!
You die...

.###. <.. .. #....
.... ... #.#.###
#....
...###..#..###.....
..$....!.........>.
..........><...[...
...........§.......
.......5o)§<.$#
.......hO......#
...g....W...|..#
.g......(....o....
..............#.##
..............###
###............
##..........#.
##..........


You could see an ogre, a phantom, 2 gnolls, a white imp and 2 orcs.

Vanquished Creatures
  2 ogres
  A hound (D:4)
  An orc priest (D:5)
  A jelly (D:3)
  An orc wizard (D:5)
  Terence (D:3)
  4 adders
  4 worms
  An orc (D:4)
  5 bats
  5 endoplasms
  5 giant cockroaches
  7 goblins
  6 hobgoblins
  2 quokkas
  4 ball pythons
  A frilled lizard (D:3)
  4 kobolds
  9 rats
64 creatures vanquished.

Notes
Turn   | Place    | Note
-------+----------+-------------------------------------------
     0 | D:1      | gelatine the Troll Shapeshifter began the quest for the
                  | Orb.
     0 | D:1      | Reached XP level 1. HP: 18/18 MP: 0/0
    75 | D:1      | Found Vaili's Assorted Antiques.
   281 | D:1      | Reached XP level 2. HP: 26/26 MP: 1/1
   288 | D:1      | Found a faded altar of an unknown god.
   750 | D:2      | Reached skill level 1 in Fighting
   759 | D:2      | Reached XP level 3. HP: 32/33 MP: 2/2
   786 | D:2      | Found a snail-covered altar of Cheibriados.
  1066 | D:2      | Reached skill level 4 in Unarmed Combat
  1387 | D:3      | Reached XP level 4. HP: 37/41 MP: 3/3
  1469 | D:3      | Noticed an ogre
  1477 | D:3      | Killed an ogre
  1478 | D:3      | Reached skill level 5 in Unarmed Combat
  1478 | D:3      | Reached XP level 5. HP: 20/48 MP: 4/4
  1523 | D:3      | Noticed Terence
  1530 | D:3      | Killed Terence
  1851 | D:1      | Bought a scroll labelled TANLIC BIEWA for 26 gold pieces
  1851 | D:1      | Bought a scroll labelled SIADOHI ZIWIPHUASH for 26 gold
                  | pieces
  1851 | D:1      | Bought a scroll labelled NOGUTU WIONGEYFE for 26 gold
                  | pieces
  1851 | D:1      | Bought a scroll labelled FOGHEGG XIRE for 26 gold pieces
  1851 | D:1      | Bought a scroll labelled TANLIC BIEWA for 26 gold pieces
  2110 | D:4      | Found Xaonem's Jewellery Shop.
  2110 | D:4      | Noticed an ogre
  2114 | D:4      | Killed an ogre
  2115 | D:4      | Reached XP level 6. HP: 57/57 MP: 5/5
  2315 | D:4      | Found Iqe Irer's Assorted Antiques.
  2316 | D:4      | Found Duoniy's Antique Weapon Shoppe.
  2316 | D:4      | Found Tehez Enirem's Book Shoppe.
  2316 | D:4      | Found Pohal's Jewellery Shoppe.
  2748 | D:1      | Bought 2 grey potions for 46 gold pieces
  2927 | D:5      | Entered Level 5 of the Dungeon
  2938 | D:5      | Mangled by an ogre

Illustrated notes

Levels and vault maps discovered:
D:1:      eino_arrival_druids_welcome, layout_basic,
          hellmonk_ecumenical_altar_arch_garden, serial_shops,
          nicolae_shop_waterfront, minmay_misc_feat_cross, minmay_heptomino_h4
D:2:      layout_basic, basic_altar, minivault_27
D:3:      layout_rooms, chequers_serial_rivers_large_a, uniq_terence
D:4:      layout_loops_ring, serial_shops, nicolae_shop_peninsula,
          minmay_shop_grid_forest, kennysheep_donut
D:5:      cheibrodos_fertilizer, layout_cave_pools, kennysheep_pointless_box

Skill      XL: |  1  2  3  4  5  6 |
---------------+-------------------+-----
Fighting       | 1 |  1.9
Unarmed Combat | 4 5 |  5.9
Dodging        | 2 |  2.0
Shapeshifting  | 4 |  4.0
Throwing       | |  0.7
Stealth        | |  0.5

Action                     |  1- 3 |  4- 6 || total
---------------------------+-------+-------++-------
  Melee: Unarmed           |    63 |    57 ||   120
         Punch             |       |     2 ||     2
  Throw: Stone             |     2 |    13 ||    15
         Dart              |       |     7 ||     7
         Boomerang         |       |     1 ||     1
    Use: Scroll            |       |     7 ||     7
   Stab: Distracted        |     1 |       ||     1
 Armour: Animal skin       |    34 |    24 ||    58
  Dodge: Dodged            |    32 |    36 ||    68

Table legend: (Time is in decaauts)
 A = Elapsed time spent in this place.
 B = Non-inter-level travel time spent in this place.
 C = Inter-level travel time spent in this place.
 D = Time resting spent in this place.
 E = Time spent auto-exploring this place.
 F = Levels seen in this place.
 G = Mean time per level.
                   A        B        C        D        E       F      G
               +--------+--------+--------+--------+--------+-----+--------+
         Total |   2933 |   2593 |    340 |    171 |   1768 |   5 |  586.6 |
       Dungeon |   2933 |   2593 |    340 |    171 |   1768 |   5 |  586.6 |
               +--------+--------+--------+--------+--------+-----+--------+

Top non-repeatable levels by time:
     D:1: 878 daAuts
     D:4: 776 daAuts
     D:2: 656 daAuts
     D:3: 612 daAuts
     D:5: 9 daAuts
